 Dungeon Crawl Stone Soup version 0.28.0-45-g0d030f2227 (webtiles) character file.

Game seed: 14188350197199070287

120 thiscave3701365 the Chopper (level 5, -2/69 HPs)
             Began as a Hill Orc Berserker on Apr 19, 2022.
             Was a Follower of Trog.
             Slain by Crazy Yiuf
             ... wielding a +4 quarterstaff of chaos
              (5 damage)
             ... on level 2 of the Dungeon.
             The game lasted 00:02:19 (4466 turns).

thiscave3701365 the Chopper (Hill Orc Berserker)    Turns: 4466, Time: 00:02:20

Health: -2/69      AC:  2    Str: 22    XL:     5   Next: 4%
Magic:  5/5        EV: 12    Int:  7    God:    Trog [*.....]
Gold:   57         SH:  0    Dex: 10    Spells: 4/4 levels left

rFire   . . .      SeeInvis .   a - +0 hand axe
rCold   . . .      Faith    .   (no shield)
rNeg    . . .      Spirit   .   b - +0 animal skin
rPois   .          Reflect  .   (no helmet)
rElec   .          Harm     .   (no cloak)
rCorr   .          Rampage  .   (no gloves)
Will    .....                   (no boots)
Stlth   ..........              (no amulet)
HPRegen 0.21/turn               (no ring)
MPRegen 0.09/turn               (no ring)

@: berserking, very quick
A: no striking features
a: Renounce Religion, Berserk


You were on level 2 of the Dungeon.
You worshipped Trog.
Trog was aware of your devotion.
You visited 1 branch of the dungeon, and saw 2 of its levels.

You collected 57 gold pieces.

Inventory:

Hand Weapons
 a - a +0 hand axe (weapon)
Armour
 b - a +0 animal skin (worn)
Jewellery
 h - a ring of ice
Scrolls
 c - a scroll of amnesia {unknown}
 d - a scroll of magic mapping {unknown}
 e - a scroll of teleportation {unknown}
 f - 2 scrolls of identify {unknown}
 g - a scroll of blinking {unknown}
 i - a scroll of fear {unknown}


   Skills:
 - Level 4.1 Fighting
 + Level 6.5 Axes
 - Level 2.7 Armour
 - Level 1.9 Dodging


You had 4 spell levels left.
You didn't know any spells.
Your spell library was empty.

Dungeon Overview and Level Annotations

Branches:
Dungeon (2/15)

Altars:

Annotations:
D:2 Crazy Yiuf


Message History

No reachable target in view!
Could not explore, unopened runed door.
Key pressed, stopping explore.
No reachable target in view!
Could not explore, unopened runed door.
Could not explore, unopened runed door.
Could not explore, unopened runed door.
Search for what [Enter for "weap", or ? for help]? armor You open the door.
Crazy Yiuf drinks a potion.
Crazy Yiuf seems to grow stronger.
A red film seems to cover your vision as you go berserk!
You feel yourself moving faster!
You feel mighty!
You can no longer call upon Trog for regeneration and willpower.
You barely miss Crazy Yiuf.
Crazy Yiuf hits you with a +4 quarterstaff of chaos!!
Crazy Yiuf freezes you!
You hit Crazy Yiuf.
Crazy Yiuf is moderately wounded.
You hit Crazy Yiuf.
Crazy Yiuf is heavily wounded.
Crazy Yiuf hits you with a +4 quarterstaff of chaos!
* * * LOW HITPOINT WARNING * * *
You barely miss Crazy Yiuf.
Crazy Yiuf is heavily wounded.
Crazy Yiuf closely misses you.
You closely miss Crazy Yiuf.
Crazy Yiuf is heavily wounded.
You barely miss Crazy Yiuf. You punch Crazy Yiuf, but do no damage.
Crazy Yiuf is heavily wounded.
Crazy Yiuf sings, "Trees, trees, trees, circus!"
Crazy Yiuf closely misses you.
You hit Crazy Yiuf.
Crazy Yiuf is severely wounded.
You hit Crazy Yiuf but do no damage.
Crazy Yiuf is severely wounded.
Crazy Yiuf yells, "Papa!"
Crazy Yiuf hits you with a +4 quarterstaff of chaos!
* * * LOW HITPOINT WARNING * * *
Crazy Yiuf burns you.
You die...

....#
#.................#
....#
#)........#######.##
##### #.........#
#..# # #.#########
##.# ###### #.# #.#
.....###.# #.##
.....'.'.# ###
####..# ...).###.#
#)..### ##.#...#
.....# ###
#...g@####.#....#
...(.#
#...##..#......##
...).# ###
###.#..#.## .....#
######## .....#
.>...# .....# ######


You could see Crazy Yiuf (strong).

Vanquished Creatures
  3 gnolls (D:2)
  4 adders (D:2)
  A worm (D:2)
  3 dart slugs
  3 endoplasms (D:1)
  A giant cockroach (D:1)
  3 goblins
  2 hobgoblins
  3 jackals (D:2)
  3 quokkas
  5 ball pythons (D:1)
  5 bats
  3 frilled lizards
  5 kobolds
  5 rats
49 creatures vanquished.

Notes
Turn   | Place    | Note
-------+----------+-------------------------------------------
     0 | D:1      | thiscave3701365 the Hill Orc Berserker began the quest for
                  | the Orb.
     0 | D:1      | Reached XP level 1. HP: 19/19 MP: 1/1
   346 | D:1      | Reached XP level 2. HP: 18/27 MP: 2/2
  1261 | D:1      | Reached XP level 3. HP: 32/33 MP: 3/3
  2383 | D:2      | Reached skill level 5 in Axes
  2393 | D:2      | Reached XP level 4. HP: 26/40 MP: 4/4
  2875 | D:2      | Reached skill level 6 in Axes
  3646 | D:2      | Found a runed translucent door.
  3647 | D:2      | Noticed Crazy Yiuf
  3915 | D:2      | Found a faded altar of an unknown god.
  3942 | D:2      | Reached XP level 5. HP: 24/46 MP: 5/5
  4301 | D:2      | Reached ** piety under Trog
  4466 | D:2      | HP: 3/69 [Crazy Yiuf/+4 quarterstaff of chaos (17)]
  4466 | D:2      | Slain by Crazy Yiuf

Illustrated notes

Levels and vault maps discovered:
D:1:      roderic_crossed_star, layout_basic, st_stairs_14, minmay_door_square
D:2:      layout_basic, shapermc_ecumenical_altar_mp_highgroup,
          corexii_leaking_fountain, hangedman_glass_teeth, minmay_cupped,
          uniq_crazy_yiuf_cottage

Skill      XL: |  1  2  3  4 |
---------------+-------------+-----
Fighting       | 4 |  4.1
Axes           | 5 6 |  6.5
Armour         | |  2.7
Dodging        | |  1.9

Action                   |  1- 3 |  4- 6 || total
-------------------------+-------+-------++-------
Melee: Hand axe          |   123 |    60 ||   183
       Punch             |       |     2 ||     2
Invok: Berserk           |     2 |     3 ||     5
 Stab: Sleeping          |     1 |       ||     1
Armor: Animal skin       |    25 |     2 ||    27
Dodge: Dodged            |   116 |    38 ||   154
